 Dungeon Crawl Stone Soup version 0.28-a0-1447-ga5a8893891 (webtiles) character file.

Game seed: 10460719267179289900

80 blank1 the Magician (level 4, -4/33 HPs)
             Began as a Djinni Fire Elementalist on Jan 11, 2022.
             Slain by Terence (7 damage)
             ... on level 3 of the Dungeon.
             The game lasted 00:06:18 (2728 turns).

blank1 the Magician (Djinni Fire Elementalist)      Turns: 2728, Time: 00:06:18

Health: -4/33      AC:  3    Str:  7    XL:     4   Next: 65%
Gold:   77         EV: 13    Int: 18    God:
                   SH:  0    Dex: 14

rFire   + + .      SeeInvis .   j - +0 dagger
rCold   x . .      Faith    .   (no shield)
rNeg    . . .      Spirit   .   a - +0 robe
rPois   ∞          Reflect  .   (no helmet)
rElec   .          Harm     .   e - +0 cloak
rCorr   .          Rampage  .   (no gloves)
Will    .....                   (boots unavailable)
Stlth   ++........              (no amulet)
HPRegen 0.11/turn               (no ring)
MPRegen 0.00/turn               (no ring)

@: flying
A: sickness immunity, fire resistance 2, cold vulnerability 1, float, innate
caster, hp casting, extra vitality 1
a: no special abilities


You were on level 3 of the Dungeon.
You visited 1 branch of the dungeon, and saw 3 of its levels.

You collected 77 gold pieces.

Inventory:

Hand Weapons
 j - a +0 dagger (weapon)
Armour
 a - a +0 robe (worn)
 e - a +0 cloak (worn)
Scrolls
 c - a scroll of immolation
 g - a scroll of holy word {unknown}
 h - a scroll of enchant weapon {unknown}
 k - a scroll of magic mapping {unknown}
Potions
 b - a potion of curing
 d - a potion of attraction
 i - a potion of brilliance
 l - 2 potions of might


   Skills:
 + Level 1.7 Fighting
 - Level 3.0 Dodging
 - Level 2.0 Stealth
 + Level 3.1 Spellcasting


You couldn't memorise any spells.
You knew the following spells:

 Your Spells              Type           Power      Damage    Failure   Level
a - Foxfire               Conj/Fire      56%        2x1d6     4%          1
b - Scorch                Fire           28%        2d6       7%          2
c - Conjure Flame         Conj/Fire      14%        6-21      13%         3
d - Inner Flame           Hex/Fire       14%        N/A       13%         3
e - Flame Wave            Conj/Fire      14%        2d5       41%         4
f - Freeze                Ice            56%        1d7       4%          1
Your spell library was empty.

Dungeon Overview and Level Annotations

Branches:
Dungeon (3/15)

Altars:
Elyvilon

Annotations:
D:3 Terence


Innate Abilities, Weirdness & Mutations

You are immune to sickness and miasma.
You are immune to poison.
Your flesh is very heat resistant. (rF++)
You are vulnerable to cold. (rC-)
You float through the air rather than walking.
You learn spells naturally, not from books.
Your magical power is your life essence.
You have superior vitality. (+4 MHP)


Message History

Unknown command.
Casting: Foxfire (safe; 4% risk of failure)
Confirm with . or Enter, or press ? or * to list all spells.
Flames lash Terence but do no damage.
The foxfire hits Terence but does no damage.
Terence is moderately wounded.
The foxfire hits Terence but does no damage.
Terence is moderately wounded.
Terence says, "How do you enjoy it?"
Casting: Scorch (safe; 7% risk of failure)
Confirm with . or Enter, or press ? or * to list all spells.
Flames lash Terence.
Terence is heavily wounded.
Terence's fire resistance burns away.
Unknown command.
Casting: Scorch (safe; 7% risk of failure)
Confirm with . or Enter, or press ? or * to list all spells.
Flames lash Terence but do no damage.
Terence says, "Don't bother to defend, it's pointless."
Terence hits you with a +4 mace of protection.
Unknown command.
Casting: Scorch (safe; 7% risk of failure)
Confirm with . or Enter, or press ? or * to list all spells.
Flames lash the goblin.
You kill the goblin!
Terence hits you with a +4 mace of protection.
Unknown command.
Casting: Scorch (safe; 7% risk of failure)
Confirm with . or Enter, or press ? or * to list all spells.
Flames lash Terence but do no damage.
* * * LOW HITPOINT WARNING * * *
Terence is no longer more vulnerable to fire.
Terence hits you with a +4 mace of protection.
* * * LOW HITPOINT WARNING * * *
Casting: Scorch (safe; 7% risk of failure)
Confirm with . or Enter, or press ? or * to list all spells.
You don't have enough health to cast this spell.
Okay, then.
Terence hits you with a +4 mace of protection!
You die...

#. ####.#.# ## ...
....#.#.. #.....
#.....#. #.....#
#......
#.......#...#.#
#.....#.#.#.#.#
#...†#......<#
#....###.#.###
##......@.#........
#......@###.......#
#................##
#........##....#...
#........##.##.# ##
#?.......##.# .#
#...().....##.# .#
#.#........#
............


You could see Terence.

Vanquished Creatures
  A hound skeleton (D:2)
  A dart slug (D:3)
  7 ball pythons
  3 bats (D:2)
  9 endoplasms
  A giant cockroach (D:1)
  3 goblins
  7 hobgoblins
  7 jackals
  3 kobolds
  4 quokkas
  3 frilled lizards (D:1)
  7 rats
56 creatures vanquished.

Vanquished Creatures (others)
  117 foxfires
117 creatures vanquished.

Grand Total: 173 creatures vanquished

Notes
Turn   | Place    | Note
-------+----------+-------------------------------------------
     0 | D:1      | blank1 the Djinni Fire Elementalist began the quest for the
                  | Orb.
     0 | D:1      | Reached XP level 1. HP: 15/15 MP: 0/0
    54 | D:1      | Reached XP level 2. HP: 8/22 MP: 0/0
   629 | D:1      | Reached skill level 1 in Fighting
   720 | D:1      | Reached XP level 3. HP: 25/27 MP: 0/0
   720 | D:1      | Learned a level 1 spell: Freeze
  1928 | D:2      | Reached XP level 4. HP: 24/32 MP: 0/0
  2393 | D:2      | Found a white marble altar of Elyvilon.
  2711 | D:3      | Noticed Terence
  2728 | D:3      | Slain by Terence

Illustrated notes

Levels and vault maps discovered:
D:1:      sevenhm_arrival_forest_fort_small_4, layout_loops_ring
D:2:      layout_rooms, basic_altar, minmay_tetromino_o4
D:3:      layout_basic, mainiacjoe_overflow_small_starburst,
          nicolae_qazlal_scattered_showers, ebering_ghost_gozag, st_stairs_11,
          uniq_crazy_yiuf_cottage, uniq_terence

Skill      XL: |  1  2  3 |
---------------+----------+-----
Fighting       | 1 |  1.7
Stealth        | 2 |  2.0
Dodging        | 3 |  3.0
Spellcasting   | 3 |  3.1

Action                   |  1- 3 |  4- 6 || total
-------------------------+-------+-------++-------
Melee: Unarmed           |     1 |       ||     1
       Dagger            |       |     7 ||     7
 Cast: Foxfire           |    40 |    30 ||    70
       Scorch            |    22 |    10 ||    32
  Use: Scroll            |       |     5 ||     5
Armor: Robe              |     4 |     4 ||     8
Dodge: Dodged            |     3 |     6 ||     9

Table legend: (Time is in decaauts)
 A = Elapsed time spent in this place.
 B = Non-inter-level travel time spent in this place.
 C = Inter-level travel time spent in this place.
 D = Time resting spent in this place.
 E = Time spent auto-exploring this place.
 F = Levels seen in this place.
 G = Mean time per level.
                   A        B        C        D        E       F      G
               +--------+--------+--------+--------+--------+-----+--------+
         Total |   2728 |   2662 |     66 |    570 |   1783 |   3 |  909.3 |
       Dungeon |   2728 |   2662 |     66 |    570 |   1783 |   3 |  909.3 |
               +--------+--------+--------+--------+--------+-----+--------+

Top non-repeatable levels by time:
     D:1: 1727 daAuts
     D:2: 915 daAuts
     D:3: 84 daAuts
